Map: Blackburn LE

Players

Bunny

  • Race: Terran Terran

Serral - Winner!

  • Race: Zerg Zerg

Event: StayAtHome Story Cup #4

VOD

Have the link to the VOD?

Description

Time

  • Played on: Oct. 22, 2021, 11:01 a.m.
  • Length: 19:00

All games in this series

Show
View Real Time Build Order
Export as new Build Order

Bunny Terran 

Build Orders: Reaper Expand 

Get SALT Encoding   

  12  0:00  SCV  
  13  0:12  SCV  
  14  0:17  Supply Depot  
  14  0:24  SCV  
  15  0:38  SCV  
  15  0:39  Barracks  
  16  0:44  Refinery  
  16  0:50  SCV  
  17  1:03  SCV  
  18  1:15  SCV  
  19  1:27  Reaper, Orbital Command  
  20  1:39  Command Center  
  20  1:51  Barracks  
  21  1:54  SCV  
  21  2:00  Barracks Reactor  
  21  2:06  SCV  
  22  2:12  Supply Depot  
  22  2:15  Refinery  
  22  2:18  SCV  
  23  2:24  Factory  
  23  2:34  SCV  
  23  2:36  Marine x2  
  26  2:39  Barracks Tech Lab  
  26  2:47  SCV  
  27  2:51  Orbital Command  
  27  2:57  Stimpack  
  27  2:59  SCV, Marine  
  27  3:03  Marine  
  30  3:05  Marine  
  30  3:11  SCV  
  32  3:18  Starport  
  32  3:20  SCV  
  32  3:23  SCV  
  34  3:27  Factory Reactor, Marine x2  
  34  3:30  Marine  
  34  3:33  SCV  
  38  3:35  SCV  
  38  3:41  Supply Depot  
  39  3:45  SCV, Marine  
  39  3:46  Marine  
  39  3:47  SCV  
  39  3:48  Marine  
  44  3:57  SCV  
  44  3:59  SCV  
  46  4:04  Supply Depot  
  46  4:07  Supply Depot  
  46  4:08  Medivac  
  46  4:09  Marine, Medivac  
  51  4:10  Marine x2  
  51  4:13  SCV  
  54  4:26  SCV x2  
  54  4:27  Marine x2  
  54  4:28  Marine  
  58  4:35  Command Center  
  58  4:37  Combat Shield  
  58  4:38  SCV  
  59  4:42  Widow Mine  
  59  4:45  SCV  
  62  4:48  Marine x3  
  62  4:50  SCV  
  62  4:52  Supply Depot  
  66  4:53  Medivac  
  66  4:57  SCV  
  69  5:01  Supply Depot  
  69  5:02  SCV  
  69  5:06  Factory Tech Lab  
  70  5:13  Marine x3  
  70  5:14  Engineering Bay x2  
  73  5:16  Refinery  
  73  5:19  SCV x2, Refinery  
  75  5:31  SCV  
  75  5:32  SCV, Siege Tank  
  75  5:34  Barracks  
  80  5:44  SCV x2, Marine x3  
  80  5:48  Orbital Command  
  85  5:56  SCV x2  
  87  6:00  Starport Reactor  
  87  6:02  Terran Infantry Weapons Level 1, Terran Infantry Armor Level 1  
  87  6:08  Siege Tank  
  87  6:09  SCV x2  
  92  6:12  Orbital Command, Marine x2  
  92  6:14  Marine  
  95  6:23  Supply Depot, SCV x2  
  95  6:25  Supply Depot  
  97  6:33  Marine x4  
  101  6:44  Marine  
  101  6:45  SCV x3  
  105  6:49  Siege Tank  
  108  6:57  SCV x3  
  108  6:58  Medivac x2  
  115  7:01  Marine  
  115  7:02  Marine  
  117  7:08  Barracks  
  117  7:12  Barracks  
  117  7:16  Armory  
  117  7:24  Marine  
  117  7:40  Marine  
  117  7:44  Refinery  
  117  7:45  Command Center  
  117  7:47  SCV, Marine x4  
  117  7:48  SCV x2, Medivac  
  117  7:50  Siege Tank  
  117  7:59  Barracks Reactor x2  
  117  8:03  SCV x2  
  117  8:04  SCV, Marine  
  117  8:09  Terran Infantry Armor Level 2, Terran Infantry Weapons Level 2  
  117  8:26  Marine  
  117  8:27  Supply Depot, Marine  
  117  8:28  SCV x3, Marine x3, Medivac x2  
  117  8:34  Drilling Claws, Widow Mine  
  114  8:36  Factory  
  114  8:40  SCV x3  
  117  8:44  Marine  
  117  8:45  Marine x3  
  117  8:46  Marine  
  120  8:52  SCV  
  121  8:56  SCV x2  
  121  8:58  Barracks x3  
  121  9:00  Widow Mine  
  121  9:02  Marine  
  126  9:03  Marine x2  
  126  9:04  SCV  
  124  9:17  Marine x5  
  124  9:18  Marine  
  124  9:19  SCV x3  
  124  9:20  Marine  
  124  9:21  Marine  
  135  9:29  Marauder  
  137  9:35  Factory Reactor  
  137  9:36  Widow Mine  
  137  9:41  SCV x3  
  137  9:42  Marine x3  
  137  9:43  Marine x5  
  139  9:53  SCV x2  
  139  9:54  Barracks Tech Lab, Marauder  
  139  9:55  Barracks Tech Lab x2, Planetary Fortress  
  139  9:56  SCV  
  139  9:57  Widow Mine  
  146  10:00  Marine x2  
  146  10:03  Supply Depot  
  146  10:05  Marine x6  
  146  10:06  Supply Depot x2, SCV x2  
  156  10:22  Marine  
  156  10:23  Widow Mine  
  156  10:25  Widow Mine x2, Marauder  
  156  10:26  Marauder x2  
  159  10:29  Medivac x2  
  159  10:34  Terran Infantry Weapons Level 3  
  163  10:36  SCV x2  
  164  10:43  Terran Infantry Armor Level 3  
  164  10:45  Widow Mine  
  164  10:47  Widow Mine x2  
  169  10:54  Command Center  
  163  10:59  Marauder x2  
  163  11:00  Marine x2  
  156  11:04  Concussive Shells  
  156  11:06  Widow Mine  
  156  11:08  Widow Mine x2  
  141  11:13  Medivac x2  
  145  11:28  Widow Mine  
  145  11:29  Widow Mine x2, Marauder x4  
  145  11:30  Marine x6  
  145  11:31  Marine x2  
  156  11:48  Marine x8  
  156  11:49  Widow Mine  
  156  11:50  Marine, Marauder  
  156  11:51  Widow Mine x2  
  164  11:56  Medivac x2  
  161  12:10  Widow Mine  
  161  12:12  Widow Mine x2  
  161  12:14  Marine x6, Marauder  
  161  12:15  Marauder x3, Marine  
  162  12:18  Marine  
  163  12:32  Widow Mine, Marine x5  
  163  12:34  Widow Mine x2  
  163  12:41  Marauder x2  
  166  12:44  Liberator x2  
  168  12:53  Widow Mine  
  168  12:55  Widow Mine  
  161  13:02  Widow Mine  
  143  13:15  Widow Mine  
  143  13:16  Widow Mine  
  142  13:22  Marine x3, Marauder  
  142  13:23  Marine, Marauder x2  
  142  13:25  Widow Mine  
  151  13:27  Liberator x2  
  135  13:36  Widow Mine  
  135  13:38  Widow Mine  
  139  13:42  SCV x2  
  139  13:43  SCV x2  
  140  13:57  Ghost Academy  
  140  14:02  SCV  
  141  14:03  SCV x3  
  141  14:07  Planetary Fortress  
  134  14:10  Liberator x2  
  134  14:14  SCV  
  139  14:22  SCV  
  139  14:23  SCV x2  
  142  14:26  SCV, Sensor Tower  
  142  14:28  Ghost x2  
  142  14:29  Missile Turret, Ghost x2  
  151  14:31  Marine  
  151  14:32  Marine x5  
  151  14:34  SCV  
  151  14:35  Marine  
  151  14:36  Marine  
  160  14:43  Widow Mine x3  
  166  14:49  Marine  
  166  14:51  Marine  
  166  14:52  Marine x4  
  167  14:53  Marine x2, Liberator x2  
  167  14:57  Ghost  
  169  15:02  Engineering Bay x2  
  169  15:04  Widow Mine x3  
  173  15:13  Sensor Tower  
  156  15:15  Ghost  
  156  15:17  Marine x9  
  156  15:18  Marine  
  158  15:26  Marine, Command Center  
  157  15:32  Widow Mine x2  
  157  15:34  Enhanced Shockwaves  
  157  15:35  Marine x2  
  162  15:38  Refinery x2  
  162  15:42  Medivac  
  163  15:44  Widow Mine  
  163  15:48  Command Center  
  163  15:54  Widow Mine x2  
  167  16:09  Ghost x2  
  167  16:10  Marine x10  
  173  16:28  Ghost  
  173  16:29  Refinery x2  
  172  16:37  Marine  
  172  16:38  Marine x7  
  180  16:43  SCV x4  
  180  16:45  Command Center  
  167  16:55  SCV  
  154  17:02  Ghost x2  
  154  17:03  Ghost x2  
  154  17:04  Marine x6  
  154  17:05  Medivac  
  157  17:11  Widow Mine x3  
  163  17:27  Refinery  
  163  17:29  Marine x8  
  171  17:31  Ghost x2  
  171  17:33  Marine x2  
  177  17:41  Planetary Fortress  
  176  17:46  Orbital Command  
  176  17:47  Marine  
  176  17:49  Widow Mine x2  
  176  17:50  Widow Mine  
  162  18:00  Marine x4  
  162  18:03  Orbital Command  
  162  18:05  Medivac x2  
  147  18:11  Widow Mine x3, SCV x4  
  154  18:23  SCV x2  
  152  18:30  Ghost x4  
  152  18:32  Widow Mine x2  
Show
View Real Time Build Order
Export as new Build Order

Serral Zerg - Winner!

Build Orders: Hatch First, Lurkers 

Get SALT Encoding   

  12  0:00  Drone  
  13  0:12  Overlord  
  13  0:17  Drone  
  14  0:30  Drone  
  14  0:31  Drone  
  16  0:48  Hatchery  
  15  0:51  Drone  
  15  0:55  Drone  
  17  0:58  Drone  
  18  1:08  Extractor  
  17  1:13  Spawning Pool  
  17  1:17  Drone  
  17  1:20  Drone  
  18  1:28  Drone  
  19  1:39  Drone  
  20  1:50  Overlord  
  20  2:00  Queen x2  
  24  2:01  Zergling x4  
  26  2:10  Drone  
  26  2:11  Drone  
  26  2:12  Metabolic Boost  
  28  2:21  Drone x2  
  30  2:32  Drone x2  
  30  2:36  Queen  
  34  2:43  Drone x2  
  36  2:55  Overlord  
  36  3:07  Hatchery, Overlord  
  36  3:09  Drone  
  36  3:13  Drone x2  
  36  3:15  Drone x5  
  43  3:25  Queen  
  45  3:28  Queen  
  45  3:32  Overlord  
  47  3:35  Zergling x2  
  47  3:36  Drone  
  47  3:37  Drone  
  50  3:42  Drone x2  
  50  3:46  Overlord  
  52  3:49  Overlord  
  52  3:55  Zergling x2  
  53  3:57  Zergling x2  
  53  3:59  Drone x3  
  57  4:03  Queen  
  57  4:06  Queen  
  61  4:11  Baneling Nest  
  61  4:12  Drone x2  
  62  4:20  Zergling x4  
  62  4:22  Overlord  
  62  4:24  Drone x3  
  66  4:25  Drone  
  66  4:30  Queen  
  69  4:32  Zergling x2  
  69  4:34  Drone  
  69  4:35  Drone x2  
  73  4:41  Lair  
  73  4:42  Extractor  
  73  4:43  Queen  
  74  4:47  Zergling x4  
  74  4:50  Drone x3  
  79  4:56  Overlord, Zergling x2  
  79  4:57  Drone  
  81  5:03  Overlord  
  81  5:05  Overlord x2  
  81  5:12  Queen  
  81  5:13  Extractor x2  
  81  5:16  Drone x3, Spore Crawler  
  81  5:17  Zergling x2  
  81  5:18  Zergling x2  
  81  5:20  Overlord  
  85  5:22  Drone x2  
  85  5:23  Drone x2  
  85  5:24  Drone  
  85  5:28  Drone  
  90  5:31  Baneling x5  
  90  5:32  Zergling x2  
  90  5:33  Spore Crawler  
  90  5:36  Zergling x4  
  92  5:43  Centrifugal Hooks  
  92  5:45  Drone x3  
  92  5:46  Drone  
  92  5:48  Overlord  
  92  5:49  Overseer  
  96  5:50  Zergling x6  
  96  5:52  Zergling x2  
  100  5:57  Drone, Evolution Chamber  
  100  5:58  Evolution Chamber  
  100  6:00  Baneling x3  
  99  6:05  Zergling x10  
  99  6:09  Baneling x2  
  99  6:10  Zergling x4  
  106  6:22  Hatchery  
  106  6:23  Zerg Ground Armor Level 1, Zerg Melee Weapons Level 1  
  105  6:27  Zergling x10  
  105  6:31  Overlord  
  105  6:32  Overlord  
  110  6:35  Overlord  
  110  6:36  Overlord  
  110  6:42  Zergling x6  
  112  6:49  Zergling x10  
  114  6:59  Zergling x4  
  110  7:02  Drone  
  110  7:04  Zergling x2  
  110  7:05  Burrow  
  110  7:07  Zergling x2  
  113  7:11  Baneling x8  
  113  7:16  Drone x3  
  115  7:23  Drone  
  115  7:24  Drone  
  115  7:27  Baneling x2  
  115  7:28  Baneling x6  
  115  7:29  Hatchery, Zergling x2  
  117  7:34  Zergling x18  
  117  7:36  Queen  
  128  7:39  Zergling x2  
  128  7:40  Zergling x4  
  126  7:44  Hatchery  
  126  7:46  Baneling x2  
  126  7:48  Zergling x2  
  126  7:49  Zergling x6  
  125  7:56  Zergling x4  
  126  8:00  Zergling x16  
  132  8:06  Zergling x8  
  136  8:13  Queen  
  136  8:14  Zergling x12  
  142  8:20  Baneling  
  142  8:21  Baneling x10  
  142  8:26  Zerg Ground Armor Level 2, Zerg Melee Weapons Level 2  
  138  8:29  Zergling x2  
  138  8:30  Zergling x10  
  132  8:38  Drone  
  132  8:39  Drone x8  
  139  8:46  Zergling x2  
  139  8:47  Zergling x12  
  144  8:50  Overseer  
  144  8:56  Infestation Pit  
  144  8:57  Pneumatized Carapace  
  144  8:58  Overseer  
  144  9:02  Drone x5  
  148  9:03  Drone x2  
  148  9:07  Zergling x10  
  155  9:10  Overseer  
  155  9:11  Baneling x8  
  155  9:12  Baneling x3  
  155  9:14  Zergling x4  
  155  9:15  Zergling x2  
  155  9:21  Zergling x14  
  162  9:26  Overlord x2  
  162  9:27  Overlord  
  160  9:39  Drone x4  
  160  9:40  Drone  
  160  9:42  Zergling x8  
  164  9:49  Zergling x2  
  164  9:50  Zergling x18  
  174  9:55  Hive  
  174  9:58  Extractor  
  174  9:59  Spore Crawler, Queen, Hydralisk Den, Extractor  
  172  10:01  Drone x5  
  172  10:02  Drone x3  
  172  10:05  Baneling x7  
  180  10:08  Zergling x16  
  188  10:26  Overlord x2  
  179  10:30  Zergling x6  
  179  10:31  Zergling x10  
  187  10:37  Lurker Den  
  187  10:38  Baneling x4  
  187  10:41  Spore Crawler  
  181  10:43  Drone, Extractor x2  
  181  10:44  Drone x2  
  181  10:45  Drone x3  
  181  10:48  Zergling x22  
  183  11:01  Zergling x20  
  183  11:03  Spore Crawler  
  180  11:13  Drone x2  
  180  11:14  Drone x2  
  180  11:16  Drone x3  
  187  11:19  Zerg Missile Weapons Level 1, Zerg Ground Armor Level 3  
  187  11:21  Baneling x2  
  187  11:22  Hydralisk x6  
  196  11:29  Adrenal Glands  
  195  11:33  Viper  
  198  11:46  Spore Crawler  
  192  11:50  Lurker x6  
  192  11:52  Spore Crawler  
  188  11:54  Zergling x24  
  200  12:06  Zergling x12  
  194  12:10  Swarm Host  
  190  12:20  Baneling x6  
  190  12:21  Baneling x14  
  189  12:31  Zergling x2  
  189  12:32  Zergling x30  
  195  12:43  Hydralisk x5  
  200  12:44  Overseer  
  173  12:59  Zergling x16  
  173  13:00  Zergling x20  
  177  13:08  Hatchery  
  169  13:15  Hydralisk x3, Extractor  
  174  13:20  Zergling x10  
  174  13:24  Baneling x6  
  168  13:30  Zergling x4  
  168  13:31  Zergling x6  
  159  13:37  Lurker x5  
  161  13:42  Drone x2  
  161  13:43  Hatchery, Drone x2  
  161  13:44  Muscular Augments, Seismic Spines  
  162  13:52  Zergling x12  
  166  14:00  Drone x4  
  166  14:01  Drone  
  170  14:07  Viper  
  170  14:08  Hydralisk, Viper  
  170  14:09  Hydralisk x3  
  182  14:17  Hydralisk  
  182  14:18  Hydralisk x3  
  182  14:20  Overseer  
  182  14:22  Spore Crawler  
  182  14:23  Drone x2, Extractor  
  182  14:24  Drone x4, Extractor  
  190  14:28  Drone  
  194  14:36  Hydralisk x2, Drone  
  195  14:41  Drone x8  
  190  14:48  Baneling x18  
  186  14:58  Zergling x6  
  189  15:05  Hatchery  
  187  15:08  Overseer  
  187  15:10  Overseer  
  187  15:13  Zergling x38  
  175  15:18  Hydralisk x4  
  181  15:27  Baneling x9  
  180  15:29  Hydralisk x3  
  180  15:30  Hydralisk x2  
  189  15:40  Zerg Melee Weapons Level 3, Zerg Missile Weapons Level 2  
  189  15:51  Zergling x6  
  189  15:58  Baneling x7  
  189  16:01  Zergling x6  
  186  16:16  Overlord x2  
  186  16:18  Overlord x2  
  183  16:27  Overseer  
  181  16:41  Hydralisk x6  
  193  16:47  Hatchery  
  160  17:05  Adaptive Talons  
  160  17:06  Grooved Spines  
  160  17:16  Spore Crawler  
  160  17:18  Drone x2  
  160  17:20  Lurker  
  160  17:21  Lurker x11  
  171  17:22  Zergling x2  
  171  17:23  Zergling x24  
  171  17:24  Zergling x2  
  184  17:33  Zergling x12  
  184  17:35  Hatchery  
  189  17:39  Zergling x4  
  189  17:41  Zergling x4  
  193  17:49  Zergling x6  
  182  18:00  Zergling x28  
  187  18:15  Zergling x20  
  195  18:20  Zergling x10  
  195  18:26  Baneling x7  
  197  18:31  Zergling x10  
  196  18:36  Baneling x5  
  183  18:42  Zergling x10  
Tags
 
Add a new tag
Caveats
  • Supply blocks, unpowered buildings, or Contaminate may cause inaccurate times.
  • Supply counts are checked every 10 seconds.